 Dungeon Sprint DCSS version 0.30-a0-930-gb9d0489357 (webtiles) character file.

Game seed: 12566787789585641556

889 testman the Martial Artist (level 7, -1/63 HPs)
             Began as a Red Draconian Transmuter on Mar 23, 2023.
             Was a Believer of Cheibriados.
             Slain by a troll (7 damage)
             ... in the Dungeon (Sprint IX: "|||||||||||||||||||||||||||||").
             The game lasted 00:06:04 (262 turns).

testman the Martial Artist (DrTm)                    Turns: 262, Time: 00:06:04

Health: -1/63      AC:  4    Str: 16    XL:     7   Next: 77%
Magic:  9/17       EV: 24    Int: 19    God:    Cheibriados [**....]
Gold:   0          SH:  0    Dex: 21    Spells: 13/19 levels left

rFire   . . .      SeeInvis .      - Unarmed
rCold   . . .      Faith    .    (shield currently unavailable)
rNeg    . . .      Spirit   .    (body armour unavailable)
rPois   x          Reflect  .    (helmet currently unavailable)
rElec   .          Rampage  .    k - melded +0 cloak
rCorr   .          NoTele   +    (gloves currently unavailable)
Will    .....                    (boots currently unavailable)
Stlth   ++                       (no amulet)
HPRegen 0.30/turn                l - +2 ring of protection
MPRegen 0.15/turn                m - +2 ring of evasion

@: spider-form, very slow
A: venomous fangs, (breathe fire), AC +6, tiny, unfitting armour, (fire
resistance 1), (cold-blooded)
a: End Transformation, Renounce Religion, Bend Time


You were in the Dungeon.
You worshipped Cheibriados.
Cheibriados was pleased with you.
You were a venomous arachnid creature.
You visited 1 branch

Inventory:

Armour
 k - a +0 cloak (melded)
Jewellery
 l - a +2 ring of protection (left front pincers)
 m - a +2 ring of evasion (right front pincers)
Wands
 j - a wand of roots (10)
Scrolls
 g - 2 scrolls of blinking
 i - 2 scrolls of amnesia
Potions
 a - a potion of lignification
 b - 5 potions of curing
 d - a potion of haste
 e - 4 potions of magic
 f - a potion of berserk rage
 h - a potion of invisibility


   Skills:
 + Level 6.2 Fighting
 + Level 4.5 Dodging
 + Level 10.8 Unarmed Combat
 + Level 6.9 Spellcasting
 + Level 7.0 Transmutations
 - Level 3.0 Poison Magic
 + Level 5.2 Invocations


You had 13 spell levels left.
You knew the following spells:

 Your Spells              Type           Power      Damage    Failure   Level
a - Beastly Appendage     Tmut           66%        N/A       3%          1
b - Wereblood             Tmut           33%        N/A       4%          2
c - Spider Form           Tmut/Pois      25%        N/A       12%         3

Your spell library contained the following spells:

 Spells                   Type           Power      Damage    Failure   Level
 Ice Form                 Ice/Tmut       19%        N/A       45%         4


Dungeon Overview and Level Annotations

Branches:
Dungeon (1/1)

Altars:
Cheibriados
Dithmenos
Elyvilon
Fedhas
Gozag
Hepliaklqana
Kikubaaqudgha
Makhleb
Nemelex Xobeh
Okawaru
Qazlal
Ru
Sif Muna
Trog
Uskayaw
Vehumet
Wu Jian
Xom
Yredelemnul
Zin
The Shining One
Jiyva
Lugonu


Innate Abilities, Weirdness & Mutations

You are a venomous arachnid creature.
You have venomous fangs.
You are tiny and dextrous.
Your spellcasting is less reliable in this form.
Your armour is entirely melded.
You are incapable of wielding weapons or throwing items.
((You can breathe blasts of fire.))
((Your fiery red scales are hard. (AC +6)))
You cannot fit into any form of body armour.
((Your flesh is heat resistant. (rF+)))
((You are cold-blooded and may be slowed by cold attacks.))


Message History

Your primal bloodlust is almost over.
The wraith hits you but does no damage.
You hit the wraith.
The wraith is almost destroyed.
The wraith misses you.
You maul the wraith!!
You feel a bit better.
You destroy the wraith!
Cheibriados thoroughly appreciates the change of pace.
Cheibriados raises the support of your attributes as your movement slows.
Your Fighting skill increases to level 6!
Your Transmutations skill increases to level 7!
Your Invocations skill increases to level 5!
You swing at nothing.
You completely miss the troll. The troll bites you. The troll claws you!
The troll barely misses you.
You hit the troll.
The troll is poisoned.
The troll is lightly wounded.
The troll bites you. The troll claws you!
* * * LOW HITPOINT WARNING * * *
The troll barely misses you.
You barely miss the troll.
The troll is lightly wounded.
The troll closely misses you. The troll misses you. The troll claws you!
* * * LOW HITPOINT WARNING * * *
You feel much better.
Your primal bloodlust has ended.
The troll closely misses you. The troll claws you. The troll claws you!
You bite the troll!
The troll looks as sick as possible!
The troll is heavily wounded.
You hit the troll.
The troll is heavily wounded.
The troll bites you!
* * * LOW HITPOINT WARNING * * *
The troll claws you!
* * * LOW HITPOINT WARNING * * *
The troll misses you.
You bite the troll!
The troll looks as sick as possible!
The troll is severely wounded.
The troll closely misses you. The troll misses you. The troll claws you!
You die...

▓.▓
▓.▓
▓)▓
▓.▓
▓.▓
▓[▓
▓[▓
▓.▓
▓s▓
▓T▓
▓z▓
▓.▓
▓.▓
▓.▓
▓.▓
▓.▓


You could see a troll (extremely poisoned) and a wight.

Vanquished Creatures
  An unseen horror (D)
  A troll (D)
  A wraith (D)
  An ogre (D)
  A centaur (D)
  A wight (D)
  A hound (D)
  An iguana (D)
  An orc (D)
  An endoplasm (D)
  A kobold (D)
  A quokka (D)
  A bat (D)
  A goblin (D)
14 creatures vanquished.

Notes
Turn   | Place    | Note
-------+----------+-------------------------------------------
     0 | D        | testman the Draconian Transmuter began the quest for the
                  | Orb.
     0 | D        | Reached XP level 1. HP: 16/16 MP: 3/3
    34 | D        | Noticed an ogre
    34 | D        | Noticed an iguana
    34 | D        | Noticed a centaur
    34 | D        | Noticed a hound
    39 | D        | Killed an ogre
    40 | D        | Reached skill level 7 in Unarmed Combat
    40 | D        | Reached XP level 2. HP: 23/23 MP: 4/7
    40 | D        | Reached XP level 3. HP: 28/28 MP: 4/8
    40 | D        | Reached XP level 4. HP: 35/35 MP: 5/10
    52 | D        | Killed a centaur
    53 | D        | Reached skill level 9 in Unarmed Combat
    53 | D        | Reached skill level 5 in Spellcasting
    53 | D        | Reached skill level 5 in Transmutations
    53 | D        | Reached XP level 5. HP: 19/41 MP: 5/12
    62 | D        | Learned a level 2 spell: Wereblood
    66 | D        | Learned a level 3 spell: Spider Form
   160 | D        | Found a snail-covered altar of Cheibriados.
   160 | D        | Found a shadowy altar of Dithmenos.
   160 | D        | Found a white marble altar of Elyvilon.
   160 | D        | Found a blossoming altar of Fedhas.
   160 | D        | Found an opulent altar of Gozag.
   161 | D        | Found a hazy altar of Hepliaklqana.
   162 | D        | Found a viscous altar of Jiyva.
   163 | D        | Found an ancient bone altar of Kikubaaqudgha.
   164 | D        | Became a worshipper of Cheibriados the Contemplative
   165 | D        | Found a corrupted altar of Lugonu.
   166 | D        | Found a burning altar of Makhleb.
   167 | D        | Found a sparkling altar of Nemelex Xobeh.
   168 | D        | Found an iron altar of Okawaru.
   169 | D        | Found a stormy altar of Qazlal.
   170 | D        | Found a sacrificial altar of Ru.
   171 | D        | Found a shimmering blue altar of Sif Muna.
   172 | D        | Found a bloodstained altar of Trog.
   173 | D        | Found a hide-covered altar of Uskayaw.
   174 | D        | Found a radiant altar of Vehumet.
   175 | D        | Found an ornate altar of the Wu Jian Council.
   176 | D        | Found a shimmering altar of Xom.
   177 | D        | Found a basalt altar of Yredelemnul.
   178 | D        | Found a glowing silver altar of Zin.
   179 | D        | Found a glowing golden altar of the Shining One.
   222 | D        | Noticed a troll
   222 | D        | Noticed a wraith
   222 | D        | Noticed a troll
   229 | D        | Reached XP level 6. HP: 37/51 MP: 8/14
   237 | D        | Killed an unseen horror
   237 | D        | Reached * piety under Cheibriados
   238 | D        | Reached skill level 5 in Fighting
   238 | D        | Reached skill level 10 in Unarmed Combat
   238 | D        | Your scales start taking on a fiery red colour.
   238 | D        | Reached XP level 7. HP: 35/61 MP: 9/16
   238 | D        | Gained mutation: Your flesh is heat resistant. (rF+) [Red
                  | Draconian growth]
   242 | D        | HP: 2/61 [troll (7)]
   248 | D        | Killed a troll
   254 | D        | Killed a wraith
   254 | D        | Reached ** piety under Cheibriados
   255 | D        | Reached skill level 5 in Invocations
   262 | D        | Slain by a troll

Illustrated notes

Levels and vault maps discovered:
D:        linesprint [early_d, line_temple, items_1, d_10, items_2, lair_1,
          lair_end, items_3, orc_1, orc_end, items_4, d_15, swamp_1, shoals_1,
          snake_1, spider_1, d_20, vaults_1, items_5, swamp_end, shoals_end,
          snake_end, spider_end, vaults_end, d_27, items_6, zot_1, zot_end,
          crypt_end, forest_end, elf_end, slime_end, tomb_end, abyss_end,
          pan_hell_end]

Skill      XL: |  1  2  3  4  5  6  7 |
---------------+----------------------+-----
Unarmed Combat | 7 9 10 | 10.8
Spellcasting   | 4 5 6 |  6.9
Transmutations | 4 5 6 7 |  7.0
Fighting       | 2 3 5 6 |  6.2
Poison Magic   | 3 |  3.0
Dodging        | 3 4 |  4.5
Invocations    | 3 5 |  5.2

Action                     |  1- 3 |  4- 6 |  7- 9 || total
---------------------------+-------+-------+-------++-------
  Melee: Unarmed           |    17 |    27 |    20 ||    64
         Kick              |     6 |     3 |       ||     9
         Headbutt          |     4 |     5 |       ||     9
         Tailslap          |     2 |     1 |       ||     3
   Cast: Beastly Appendage |     2 |     1 |       ||     3
         Spider Form       |       |     3 |     1 ||     4
         Wereblood         |       |     2 |       ||     2
    Use: Potion            |       |       |     3 ||     3
 Armour: Skin              |     2 |     5 |     1 ||     8
  Dodge: Dodged            |     9 |    24 |    33 ||    66

Table legend: (Time is in decaauts)
 A = Elapsed time spent in this place.
 B = Non-inter-level travel time spent in this place.
 C = Inter-level travel time spent in this place.
 D = Time resting spent in this place.
 E = Time spent auto-exploring this place.
 F = Levels seen in this place.
 G = Mean time per level.
                   A        B        C        D        E       F      G
               +--------+--------+--------+--------+--------+-----+--------+
         Total |    260 |    260 |      0 |    101 |      0 |   1 |  260.0 |
       Dungeon |    260 |    260 |      0 |    101 |      0 |   1 |  260.0 |
               +--------+--------+--------+--------+--------+-----+--------+

Top non-repeatable levels by time:
       D: 260 daAuts
